 Dungeon Crawl Stone Soup version 0.30-a0-879-ga8ba668304 (webtiles) character file.

Game seed: 11240451507686319888

88 cforsyth the Trooper (level 4, 0/38 HPs)
             Began as a Barachi Fighter on Mar 13, 2023.
             Slain by an ogre
             ... wielding a +0 giant club
              (14 damage)
             ... on level 3 of the Dungeon.
             The game lasted 00:03:52 (1591 turns).

cforsyth the Trooper (Barachi Fighter)              Turns: 1591, Time: 00:03:53

Health: 0/38       AC:  4    Str: 20    XL:     4   Next: 53%
Magic:  4/4        EV: 10    Int:  5    God:
Gold:   125        SH:  4    Dex: 11    Spells: 3/3 levels left

rFire   . . .      SeeInvis .    a - +0 war axe
rCold   . . .      Faith    .    c - +0 buckler
rNeg    . . .      Spirit   .    p - +1 leather armour of Hopscotch {Regen+ Int-3 Slay+4}
rPois   .          Reflect  .    (no helmet)
rElec   .          Rampage  .    (no cloak)
rCorr   .                        (no gloves)
Will    .....                    (no boots)
Stlth   +                        (no amulet)
HPRegen 1.06/turn                (no ring)
MPRegen 0.09/turn                (no ring)

@: slow
A: amphibious, slowness 1, strong legs 1, +LOS
a: Hop


You were on level 3 of the Dungeon.
You visited 1 branch of the dungeon, and saw 3 of its levels.

You collected 125 gold pieces.

Inventory:

Hand Weapons
 a - a +0 war axe (weapon)
Armour
 b - a +0 scale mail
 c - a +0 buckler (worn)
 p - the +1 leather armour of Hopscotch (worn) {Regen+ Int-3 Slay+4}
   (You found it on level 2 of the Dungeon)

   Int:       It affects your intelligence (-3).
   Slay:      It affects your accuracy & damage with ranged weapons and melee
   (+4).
   Regen:     It increases your rate of health regeneration.
Jewellery
 o - an amulet of guardian spirit
Wands
 t - a wand of light (9)
Scrolls
 e - a scroll of acquirement {unknown}
 f - a scroll of enchant armour {unknown}
 g - a scroll of fog {unknown}
 i - 4 scrolls of identify {unknown}
 j - a scroll of enchant weapon {unknown}
 k - 2 scrolls of fear {unknown}
 s - a scroll of magic mapping {unknown}
 u - a scroll of amnesia {unknown}
Potions
 d - a potion of might
 h - a potion of haste {unknown}
 l - a potion of invisibility {unknown}
 m - a potion of cancellation {unknown}
 n - 2 potions of attraction {unknown}
 q - a potion of curing {unknown}
 r - a potion of lignification {unknown}
 v - 2 potions of heal wounds {unknown}


   Skills:
 + Level 4.6 Fighting
 + Level 3.4 Axes
 + Level 4.5 Armour
 - Level 3.3 Shields


You had 3 spell levels left.
You didn't know any spells.
Your spell library contained the following spells:

 Spells                   Type           Power      Damage    Failure   Level
 Sting                    Tmut/Pois      0%         1d3       63%         1


Dungeon Overview and Level Annotations

Branches:
Dungeon (3/15)

Altars:

Shops:
D:2 =


Innate Abilities, Weirdness & Mutations

You are amphibious.
You cover ground slowly.
You can hop short distances.
You have an extended range of vision and can be seen from far away.


Message History

No target in view!
No target in view!
Found a dagger.
Found a stone staircase leading up.
You now have 107 gold pieces (gained 8).
Found an escape hatch in the floor.
There is an escape hatch in the floor here.
A kobold comes into view. It is wielding a +0 dagger.
The kobold shouts!
You hit the kobold.
You kill the kobold!
No target in view!
No target in view!
You see here a +0 dagger.
You now have 117 gold pieces (gained 10).
You now have 125 gold pieces (gained 8).
An ogre comes into view. It is wielding a +0 giant club.
The ogre moves out of view.
An ogre is nearby!
An ogre is nearby!
The ogre shouts!
You hit the ogre.
The ogre is lightly wounded.
The ogre completely misses you.
You hit the ogre.
The ogre is lightly wounded.
The ogre hits you with a +0 giant club!!
Ouch! That really hurt!
You are too injured to fight recklessly!
You are too injured to fight recklessly!
You are too injured to fight recklessly!
You are too injured to fight recklessly!
You are too injured to fight recklessly!
You are too injured to fight recklessly!
You are too injured to fight recklessly!
You are too injured to fight recklessly!
You barely miss the ogre.
The ogre is lightly wounded.
The ogre hits you with a +0 giant club!
You die...

..# ... #.# ... #.#..
....# #.#.# #.# #O#.# .#
#.# # #@#.##.# #.# #
##.######.#.##.# #.# #
............##.# #.# #
##.######.#.##.# #.# #
..............# #.# #
########.#.##.# #.# #
#########.#.##.#######.###
..........#...............
##############.#######....


You could see an ogre.

Vanquished Creatures
  4 adders (D:2)
  4 dart slugs
  2 bats
  4 endoplasms
  3 giant cockroaches
  4 goblins
  6 hobgoblins
  4 ball pythons
  3 frilled lizards
  4 kobolds
  7 rats
45 creatures vanquished.

Notes
Turn   | Place    | Note
-------+----------+-------------------------------------------
     0 | D:1      | cforsyth the Barachi Fighter began the quest for the Orb.
     0 | D:1      | Reached XP level 1. HP: 18/18 MP: 1/1
   129 | D:1      | Reached XP level 2. HP: 23/25 MP: 2/2
   392 | D:1      | Found a faded altar of an unknown god.
   410 | D:1      | Got Plato's Meditations on Corruption
   476 | D:1      | Reached XP level 3. HP: 30/30 MP: 3/3
   932 | D:2      | Identified the +1 leather armour of Hopscotch {Regen+ Int-3
                  | Slay+4}
   965 | D:2      | Found Tairgh's Jewellery Shoppe.
  1065 | D:2      | Reached XP level 4. HP: 38/38 MP: 4/4
  1163 | D:2      | Identified the +0 robe of Vampiric Thralls {Int+3 Dex+2}
  1331 | D:2      | You fall into a shaft and drop 1 floor!
  1584 | D:3      | Noticed an ogre
  1591 | D:3      | Slain by an ogre

Illustrated notes

Levels and vault maps discovered:
D:1:      mrwooster_arrival_statue, layout_rooms,
          shapermc_ecumenical_altar_rom_forum, nicolae_eternal_life
D:2:      layout_loops_ring, serial_shops, nicolae_square_shop,
          minmay_goblin_kobold_house
D:3:      layout_basic

Skill      XL: |  1  2  3 |
---------------+----------+-----
Armour         | 4 |  4.5
Fighting       | 4 |  4.6
Axes           | 3 |  3.4
Shields        | |  3.3

Action                     |  1- 3 |  4- 6 || total
---------------------------+-------+-------++-------
  Melee: War axe           |    80 |    26 ||   106
 Armour: Scale mail        |    33 |       ||    33
         Leather armour    |     2 |     5 ||     7
  Dodge: Dodged            |    27 |    13 ||    40
  Block: Buckler           |    20 |     3 ||    23

Table legend: (Time is in decaauts)
 A = Elapsed time spent in this place.
 B = Non-inter-level travel time spent in this place.
 C = Inter-level travel time spent in this place.
 D = Time resting spent in this place.
 E = Time spent auto-exploring this place.
 F = Levels seen in this place.
 G = Mean time per level.
                   A        B        C        D        E       F      G
               +--------+--------+--------+--------+--------+-----+--------+
         Total |   1895 |   1846 |     49 |      0 |   1516 |   3 |  631.7 |
       Dungeon |   1895 |   1846 |     49 |      0 |   1516 |   3 |  631.7 |
               +--------+--------+--------+--------+--------+-----+--------+

Top non-repeatable levels by time:
     D:1: 886 daAuts
     D:2: 696 daAuts
     D:3: 311 daAuts
